 Dungeon Crawl Stone Soup version 0.29-a0-23-ga79f92ac9c (webtiles) character file.

Game seed: 7831553171043203302

3434 Ajdolov the Arsonist (level 10, -5/57 HPs)
             Began as an Octopode Venom Mage on Jan 30, 2022.
             Was a High Priest of Jiyva.
             Slain by a fire bat (9 damage)
             ... on level 9 of the Dungeon.
             The game lasted 00:30:03 (8812 turns).

Ajdolov the Arsonist (Octopode Venom Mage)          Turns: 8812, Time: 00:30:04

Health: -5/57      AC:  1    Str:  8    XL:     10   Next: 5%
Magic:  20/24      EV: 13    Int: 22    God:    Jiyva [*****.]
Gold:   289        SH:  0    Dex: 12    Spells: 3/15 levels left

rFire   . . .      SeeInvis .   a - +3 quarterstaff
rCold   . . .      Faith    .   (shield currently unavailable)
rNeg    . . .      Spirit   .   (helmet restricted)
rPois   .          Reflect  .   (no amulet)
rElec   +          Harm     .   b - ring of magical power
rCorr   +          Rampage  .   (no ring)
Will    .....                   (no ring)
Stlth   +++.......              (no ring)
HPRegen 1.63/turn               (no ring)
MPRegen 0.64/turn               (no ring)
                                (no ring)
                                (no ring)

@: hasted, very quick
A: almost no armour, amphibious, 8 rings, camouflage 1, gelatinous body 1,
(nimble swimmer 1), tentacles, electricity resistance, wild magic 1, evolution
2, jelly absorbing missiles
a: Renounce Religion, Oozemancy, Slimify


You were on level 9 of the Dungeon.
You worshipped Jiyva.
Jiyva was extremely pleased with you.
You visited 2 branches of the dungeon, and saw 10 of its levels.
You visited the Abyss 1 time.

You collected 289 gold pieces.

Inventory:

Hand Weapons
 a - a +3 quarterstaff (weapon)
Missiles
 r - a throwing net
Jewellery
 b - a ring of magical power (left tentacle)
 d - an amulet of faith
Wands
 i - a wand of flame (26)
 p - a wand of iceblast (3)
Scrolls
 c - a scroll of fear {unknown}
 e - a scroll of silence
 f - a scroll of vulnerability {unknown}
 h - a scroll of magic mapping {unknown}
 j - a scroll of blinking {unknown}
 k - 4 scrolls of identify {unknown}
 l - a scroll of teleportation {unknown}
 o - a scroll of noise {unknown}
Potions
 g - a potion of brilliance {unknown}
 m - a potion of flight {unknown}
 q - a potion of attraction {unknown}


   Skills:
 + Level 0.5 Fighting
 - Level 2.0 Dodging
 - Level 2.6 Stealth
 + Level 3.3 Spellcasting
 * Level 4.1 Conjurations
 - Level 1.0 Transmutations
 - Level 8.2 Fire Magic
 - Level 8.1 Ice Magic
 - Level 4.5 Air Magic
 - Level 4.7 Poison Magic


You had 3 spell levels left.
You knew the following spells:

 Your Spells              Type           Power      Damage    Failure   Level
a - Sting                 Tmut/Pois      84%        1d7       6%          1
b - Poisonous Vapours     Pois/Air       62%        N/A       4%          2
c - Mephitic Cloud        Conj/Pois/Air  30%        N/A       9%          3
d - Scorch                Fire           100%       2d10      1%          2
e - Hailstorm             Conj/Ice       40%        3d10      14%         4

Your spell library contained the following spells:

 Spells                   Type           Power      Damage    Failure   Level
 Foxfire                  Conj/Fire      100%       2x1d9     1%          1
 Conjure Flame            Conj/Fire      40%        6-21      4%          3
 Inner Flame              Hex/Fire       28%        N/A       11%         3
 Flame Wave               Conj/Fire      40%        2d9       14%         4
 Olgreb's Toxic Radiance  Pois           31%        N/A       24%         4
 Ice Form                 Ice/Tmut       30%        N/A       26%         4
 Irradiate                Conj/Tmut      9%         3d16      82%         5
 Simulacrum               Ice/Necr       14%        N/A       99%         6
 Iron Shot                Conj/Erth      8%         9d3       100%        6
 Summon Cactus Giant      Summ           2%         N/A       100%        6


Dungeon Overview and Level Annotations

Branches:
Dungeon (9/15)             Temple (1/1) D:4
   Lair: D:8-11         Orc: D:9-12

Altars:
Ashenzari
Cheibriados
Dithmenos
Elyvilon
Fedhas
Gozag
Hepliaklqana
Kikubaaqudgha
Makhleb
Nemelex Xobeh
Okawaru
Qazlal
Ru
Sif Muna
Trog
Uskayaw
Vehumet
Wu Jian
Xom
Yredelemnul
Zin
The Shining One
Jiyva

Shops:
D:2 *   D:3 [   D:5 *   D:6 :   D:7 =

Annotations:
D:3 exclusion: zombie


Innate Abilities, Weirdness & Mutations

You cannot wear most types of armour.
You are amphibious.
You can wear up to eight rings at the same time.
Your skin changes colour to match your surroundings (Stealth+).
Your rubbery body absorbs attacks. (AC +1, EV +1)
((You are camouflaged when in or above water. (Stealth+)))
You have tentacles for arms and can constrict up to eight enemies at once.
You are resistant to electric shocks. (rElec)
Your spells are a little harder to cast, but a little more powerful.
You have great hidden genetic potential.
You have a small jelly attached to you that may absorb projectiles.


Message History

The fire vortex is heavily damaged.
Aiming: Poisonous Vapours (safe; 4% risk of failure)
Press: ? - help, Q - select action, (/) - cycle Dir - move target, f - hell hound
Aim: a hell hound (asleep) Poisonous vapours surround the hell hound!
The hell hound is poisoned.
The hell hound barks!
A fire bat comes into view. x2; A fire vortex comes into view.
The fire bat moves out of view.
Aiming: Poisonous Vapours (safe; 4% risk of failure)
Press: ? - help, Q - select action, (/) - cycle Dir - move target, f/p - hell hound
Aim: a hell hound (very poisoned) Poisonous vapours surround the hell hound!
The hell hound looks as sick as possible!
A fire bat comes into view. x2
The fire bat moves out of view.
Aiming: Poisonous Vapours (safe; 4% risk of failure)
Press: ? - help, Q - select action, (/) - cycle Dir - move target, f - fire bat, p - hell hound
Aim: a fire bat Poisonous vapours surround the fire bat!
The fire bat is poisoned.
The fire bat bites you.
You are engulfed in flames!
The fire bat closely misses you. The fire bat bites you.
You are engulfed in flames.
The fire bat barely misses you. The fire bat bites you.
You are engulfed in flames.
The fire bat bites you.
You are engulfed in flames!
The fire bat closely misses you. The fire bat bites you.
You are engulfed in flames.
The fire bat bites you.
You are engulfed in flames.
* * * LOW HITPOINT WARNING * * *
The fire bat barely misses you.
You feel yourself speed up. The fire bat bites you.
* * * LOW HITPOINT WARNING * * *
You are engulfed in flames!
* * * LOW HITPOINT WARNING * * *
The fire bat bites you.
* * * LOW HITPOINT WARNING * * *
You are engulfed in flames!
You die...

#....#.....).⌠......
#....#..###.....##.
#....#..#.##...##
#.#..#..#.###.####
#....#..#.###'#..#
#....#..+.##.....#
#....####....#######
#####......#####
#.@.b..#...+
#.bb...#...#
#..###.'..# +..#
#.#'## #..# #.##.§
#... ..# §.b≈
######## ≈v≈.. ≈≈h§.
...#


You could see 3 fire bats.

Vanquished Creatures
  A centaur warrior (D:8)
  Pikel (D:8)
  Maurice (D:8)
  2 water moccasins
  5 orc warriors
  2 ice beasts
  2 black bears
  A necrophage (D:8)
  3 ogres
  2 lemures (D:8)
  A kobold brigand (D:8)
  A bullfrog (D:7)
  A gnoll sergeant (D:8)
  A water moccasin zombie (D:5)
  3 crimson imps (D:6)
  A centaur zombie (D:7)
  2 bullfrog zombies
  3 hounds
  2 bullfrog skeletons (D:6)
  An orc priest (D:8)
  A scorpion zombie (D:5)
  Terence (D:3)
  An iguana (D:6)
  3 orc wizards
  8 gnolls
  5 adders
  A shadow imp (D:6)
  3 ufetubi
  A worm (D:2)
  3 dart slugs
  17 orcs
  7 ball pythons
  5 bats
  2 endoplasms
  A giant cockroach (D:2)
  3 goblins (D:1)
  10 hobgoblins
  3 jackals (D:2)
  7 kobolds
  4 quokkas
  4 frilled lizards
  5 rats
131 creatures vanquished.

Vanquished Creatures (others)
  An unseen horror (D:6)
  A hornet (D:8)
  A black bear (D:4)
  A phantom (D:6)
  2 lemures (D:8)
  A scorpion (D:6)
  A water moccasin skeleton (D:6)
  2 howler monkeys
  14 jellies
  A crimson imp (D:6)
  2 centaur zombies
  2 hounds (D:5)
  An iguana (D:5)
  3 orc wizards
  4 gnolls
  3 adders
  A shadow imp (D:5)
  A dart slug (D:5)
  9 orcs
  A kobold (D:7)
  A quokka (D:4)
53 creatures vanquished.

Grand Total: 184 creatures vanquished

Notes
Turn   | Place    | Note
-------+----------+-------------------------------------------
     0 | D:1      | Ajdolov the Octopode Venom Mage began the quest for the
                  | Orb.
     0 | D:1      | Reached XP level 1. HP: 11/11 MP: 3/3
   204 | D:1      | Found a faded altar of an unknown god.
   304 | D:1      | Reached XP level 2. HP: 17/17 MP: 5/5
   456 | D:1      | Reached XP level 3. HP: 20/21 MP: 6/6
   577 | D:1      | Learned a level 2 spell: Poisonous Vapours
   772 | D:2      | Found Viuwebot's Assorted Antiques.
   880 | D:2      | Reached skill level 1 in Air Magic
   894 | D:2      | Reached XP level 4. HP: 16/27 MP: 8/8
  1745 | D:2      | Learned a level 3 spell: Mephitic Cloud
  1775 | D:3      | Identified the +0 ring mail of Hangman {rF+}
  1847 | D:3      | Found a snail-covered altar of Cheibriados.
  1860 | D:3      | Noticed Terence
  1897 | D:3      | Killed Terence
  1898 | D:3      | Reached skill level 1 in Conjurations
  1898 | D:3      | Reached XP level 5. HP: 11/31 MP: 9/9
  2512 | D:3      | Found Sogrofomn's Antique Armour Shoppe.
  2783 | D:3      | Found a hazy altar of Hepliaklqana.
  3334 | D:4      | Found a staircase to the Ecumenical Temple.
  3343 | Temple   | Entered the Ecumenical Temple
  3484 | Temple   | Became a worshipper of Jiyva Jate the Shapeless
  3534 | D:4      | Noticed a black bear
  3535 | D:4      | Found a bloodstained altar of Trog.
  3536 | D:4      | Noticed a black bear
  3860 | D:4      | HP: 1/31 [black bear (4)]
  3861 | D:4      | Killed a black bear
  3862 | D:4      | Reached XP level 6. HP: 30/36 MP: 7/10
  4037 | D:4      | Killed a black bear
  4144 | D:4      | Reached * piety under Jiyva
  4840 | D:5      | Entered Level 5 of the Dungeon
  4929 | D:5      | Identified the +2 pair of boots of the Boiling Point {-Cast
                  | Fly Str+5 SInv}
  4995 | D:5      | Reached XP level 7. HP: 38/41 MP: 11/11
  5109 | D:5      | Found a broken altar of Ashenzari.
  5249 | D:5      | Learned a level 2 spell: Scorch
  5448 | D:5      | Found Korageom's CLEARANCE SALE!.
  5487 | D:6      | Learned a level 4 spell: Hailstorm
  5559 | D:6      | Reached skill level 1 in Fire Magic
  5559 | D:6      | Reached skill level 1 in Ice Magic
  5658 | D:6      | Reached ** piety under Jiyva
  5740 | D:6      | Found an ornate altar of the Wu Jian Council.
  5740 | D:6      | Found a blossoming altar of Fedhas.
  5741 | D:6      | Found an opulent altar of Gozag.
  5794 | D:6      | Killed an unseen horror
  5798 | D:6      | Got the Reference Book on Aerial Battle Magic
  5849 | D:6      | Found Jiadd's Book Emporium.
  5930 | D:6      | Reached XP level 8. HP: 31/46 MP: 12/12
  6203 | D:6      | Found a shimmering altar of Xom.
  6219 | D:6      | Cast into level 1 of the Abyss (crimson imp)
  6227 | D:6      | Escaped the Abyss
  6725 | D:7      | Found Natian's Jewellery Boutique.
  6726 | D:7      | Reached *** piety under Jiyva
  6726 | D:7      | Gained mutation: You have hidden genetic potential.
                  | [Jiyva's grace]
  6726 | D:7      | Gained mutation: You have great hidden genetic potential.
                  | [Jiyva's grace]
  6726 | D:7      | Gained mutation: You have a small jelly attached to you
                  | that may absorb projectiles. [Jiyva's grace]
  6726 | D:7      | Gained mutation: You are resistant to electric shocks.
                  | (rElec) [Jiyva's grace]
  7038 | D:7      | Reached skill level 5 in Fire Magic
  7056 | D:7      | Found a sacrificial altar of Ru.
  7257 | D:7      | Reached skill level 5 in Ice Magic
  7596 | D:8      | Reached **** piety under Jiyva
  7715 | D:8      | Noticed Maurice
  7739 | D:8      | Killed Maurice
  7740 | D:8      | Reached XP level 9. HP: 51/51 MP: 13/13
  7937 | D:8      | Noticed a centaur warrior
  7948 | D:8      | Gained mutation: Your spells are a little harder to cast,
                  | but a little more powerful. [hidden potential]
  7961 | D:8      | Killed a centaur warrior
  8083 | D:8      | Noticed Pikel
  8098 | D:8      | Killed Pikel
  8099 | D:8      | Reached XP level 10. HP: 44/56 MP: 14/14
  8119 | D:8      | Found a glowing golden altar of the Shining One.
  8137 | D:8      | Found an iron altar of Okawaru.
  8339 | D:8      | Reached ***** piety under Jiyva
  8812 | D:9      | Slain by a fire bat

Illustrated notes

Levels and vault maps discovered:
D:1:      saegor_arrival_simple_c, layout_rooms,
          hellmonk_ecumenical_altar_lost_god, minmay_misc_feat_iff,
          minmay_misc_feat_rows
D:2:      layout_basic, serial_shops, shop, kennysheep_generic_room_2
D:3:      layout_basic, kennysheep_slug_shrine, mainiacjoe_overflow_catwalk,
          portal_sewer_entry_e, serial_shops, nicolae_shop_waterfront,
          serial_curves, eino_curves_01, eino_curves_04, uniq_terence
D:4:      layout_basic, trog_ov_bears_minmay, minmay_temple_entry_arrows
D:5:      layout_basic, ashenzari_conservatory_becter, nicolae_shop_clearance
D:6:      minmay_chambers_of_sixes, layout_gridville, led_xom_imps,
          gammafunk_temple_overflow_claw, serial_shops, nicolae_stop_n_shop_1,
          grunt_ministairs_1
D:7:      layout_basic, nicolae_ru_great_annihilating_truth, serial_shops,
          nicolae_stop_n_shop_2
D:8:      layout_basic, lemuel_round_altar, okawaru_gym_becter, uniq_maurice,
          uniq_pikel
D:9:      layout_stronghold, minmay_statues_item, nicolae_specific_store,
          grunt_ministairs_15, hangedman_incinerator, uniq_erica, uniq_maggie,
          uniq_erolcha
Temple:   pf_slime_end_temple

Skill      XL: |  1  2  3  4  5  6  7  8  9 10 |
---------------+-------------------------------+-----
Poison Magic   | 4 |  4.7
Air Magic      | 1 2 3 4 |  4.5
Spellcasting   | 3 |  3.3
Conjurations   | 1 2 3 4 |  4.1
Fire Magic     | 2 6 8 |  8.2
Ice Magic      | 2 6 8 |  8.1
Fighting       | |  0.5
Dodging        | |  2.0
Stealth        | |  2.6
Transmutations | |  1.0

Action                   |  1- 3 |  4- 6 |  7- 9 | 10-12 || total
-------------------------+-------+-------+-------+-------++-------
Melee: Quarterstaff      |    28 |    70 |   106 |     4 ||   208
       Constrict         |     3 |    15 |    23 |     2 ||    43
       Tentacles         |     2 |    13 |    18 |     2 ||    35
       Punch             |     1 |       |     3 |     1 ||     5
 Cast: Sting             |     2 |       |     5 |       ||     7
       Poisonous Vapours |     7 |    44 |    76 |     8 ||   135
       Mephitic Cloud    |       |     1 |     5 |       ||     6
       Scorch            |       |       |    17 |       ||    17
       Hailstorm         |       |       |       |     2 ||     2
Evoke: Wand              |       |       |     4 |       ||     4
  Use: Potion            |       |     1 |     2 |     1 ||     4
       Scroll            |       |       |     2 |       ||     2
 Stab: Sleeping          |     8 |     5 |       |       ||    13
       Confused          |       |       |     2 |       ||     2
       Paralysed         |       |       |     2 |       ||     2
Armor: Skin              |     2 |     1 |     2 |       ||     5
Dodge: Dodged            |    11 |    45 |    88 |     5 ||   149

Table legend: (Time is in decaauts)
 A = Elapsed time spent in this place.
 B = Non-inter-level travel time spent in this place.
 C = Inter-level travel time spent in this place.
 D = Time resting spent in this place.
 E = Time spent auto-exploring this place.
 F = Levels seen in this place.
 G = Mean time per level.
                   A        B        C        D        E       F      G
               +--------+--------+--------+--------+--------+-----+--------+
         Total |   8874 |   8426 |    448 |    228 |   6663 |  11 |  806.7 |
       Dungeon |   8710 |   8286 |    424 |    228 |   6547 |   9 |  967.8 |
        Temple |    155 |    131 |     24 |      0 |    116 |   1 |  155.0 |
         Abyss |      8 |      8 |      0 |      0 |      0 |   1 |    8.0 |
               +--------+--------+--------+--------+--------+-----+--------+

Top non-repeatable levels by time:
     D:4: 1493 daAuts
     D:3: 1428 daAuts
     D:2: 1202 daAuts
     D:8: 1135 daAuts
     D:6: 1092 daAuts
     D:7: 1061 daAuts
     D:5: 645 daAuts
     D:1: 581 daAuts
  Temple: 155 daAuts
     D:9: 70 daAuts
 Abyss:1: 8 daAuts
